 Dungeon Crawl Stone Soup version 0.31-a0-691-g409c26aa35 (webtiles) character file.

Game seed: 15580027663014208880

12795 Aneyh the Warrior (level 11, -29/76 HPs)
             Began as a Tengu Monk on Sept 5, 2023.
             Was a High Priest of Hepliaklqana.
             Annihilated by Rupert
             ... wielding a +4 great sword of protection
              (34 damage)
             ... on level 1 of the Orcish Mines on Sept 6, 2023.
             The game lasted 00:37:40 (12840 turns).

Aneyh the Warrior (Tengu Monk)                     Turns: 12840, Time: 00:37:41

Health: -29/76     AC:  9    Str: 17    XL:     11   Next: 98%
Magic:  10/12      EV: 32    Int: 14    God:    Hepliaklqana [*****.]
Gold:   1016       SH:  0    Dex: 18    Spells: 2/10 levels left

rFire   . . .        a - +7 trident of Midsummer {freeze, Str+2 Int+4}
rCold   + . .        (no shield)
rNeg    . . .        S - +2 robe {rC+}
rPois   .            (helmet restricted)
rElec   .            (no cloak)
rCorr   .            g - +0 pair of gloves
SInv    .            (boots unavailable)
Will    .....        J - amulet of reflection
Stlth   +            M - +4 ring of protection
HPRegen 0.32/turn    H - +4 ring of slaying
MPRegen 0.13/turn

%: reflection, acrobat
@: confused, ambrosia-drunk, acrobatic, flying, studying Poison Magic
A: reduced essence, beak, talons 3, evasive flight, acrobatic
a: Renounce Religion, Recall Ancestor, Ancestor Identity, Transference, Idealise


You were on level 1 of the Orcish Mines.
You worshipped Hepliaklqana.
Hepliaklqana was extremely pleased with you.
You visited 3 branches of the dungeon, and saw 13 of its levels.
You also visited: Bailey.

You collected 1214 gold pieces.
You spent 198 gold pieces at shops.

Inventory:

Hand Weapons
 a - the +7 trident of Midsummer (weapon) {freeze, Str+2 Int+4}
   (You found it on level 9 of the Dungeon)

   Str+2:     It affects your strength (+2).
   Int+4:     It affects your intelligence (+4).
 b - a +0 arbalest
 u - a +0 glaive
 w - a +0 great sword
 G - a +0 orcbow
 V - a +4 battleaxe
Missiles
 R - 3 curare-tipped darts
 Y - 7 throwing nets
Armour
 g - a +0 pair of gloves (worn)
 h - a +0 crystal plate armour
 k - a +3 chain mail
 E - a +0 kite shield
 F - a +0 chain mail of fire resistance
 S - a +2 robe of cold resistance (worn)
Magical Staves
 j - a staff of fire
Jewellery
 d - a ring of ice
 l - a ring of magical power
 H - a +4 ring of slaying (right hand)
 I - a ring of wizardry
 J - an amulet of reflection (around neck)
 M - a +4 ring of protection (left hand)
 P - a ring of protection from fire
 U - an amulet of guardian spirit
Wands
 n - a wand of iceblast (18)
 X - a wand of polymorph (2)
Scrolls
 i - a scroll of fear {unknown}
 o - a scroll of brand weapon {unknown}
 p - 2 scrolls of amnesia {unknown}
 q - 2 scrolls of teleportation {unknown}
 r - 2 scrolls of blinking {unknown}
 v - 2 scrolls of noise {unknown}
 x - a scroll of enchant armour {unknown}
 y - a scroll of fog {unknown}
 A - 2 scrolls of immolation {unknown}
 C - 2 scrolls of revelation {unknown}
 K - a scroll of silence {unknown}
 N - a scroll of poison {unknown}
 O - a scroll of torment {unknown}
 T - 2 scrolls of enchant weapon {unknown}
Potions
 e - a potion of brilliance {unknown}
 f - 2 potions of curing
 m - 2 potions of might
 s - a potion of invisibility {unknown}
 t - 3 potions of cancellation
 z - 5 potions of enlightenment
 B - 2 potions of mutation {unknown}
 D - a potion of resistance {unknown}
 L - a potion of haste {unknown}


   Skills:
 + Level 17.1 Fighting
 - Level 7.0 Polearms
 - Level 3.0 Ranged Weapons
 * Level 3.2 Armour
 - Level 3.2 Dodging
 - Level 3.0 Summonings


You had 2 spell levels left.
You knew the following spells:

 Your Spells              Type           Power      Damage    Failure   Level
a - Call Imp              Summ           16%        N/A       13%         2
b - Summon Guardian Gole  Hex/Summ       4%         N/A       43%         3
c - Call Canine Familiar  Summ           8%         N/A       26%         3

Your spell library contained the following spells:

 Spells                   Type           Power      Damage    Failure   Level
 Summon Small Mammal      Summ           32%        N/A       9%          1
 Freeze                   Ice            0%         1d3       28%         1
 Magic Dart               Conj           0%         1d3       28%         1
 Sandblast                Erth           0%         2d4       28%         1
 Shock                    Conj/Air       0%         1d3       28%         1
 Slow                     Hex            0%         N/A       28%         1
 Passwall                 Tmut/Erth      0%         N/A       41%         2
 Confusing Touch          Hex            0%         N/A       65%         3
 Frozen Ramparts          Ice            0%         1d1       65%         3
 Gell's Gravitas          Tloc           0%         N/A       65%         3
 Hailstorm                Conj/Ice       0%         3d3       65%         3
 Mephitic Cloud           Conj/Pois/Air  0%         N/A       65%         3
 Portal Projectile        Hex/Tloc       0%         N/A       65%         3
 Stone Arrow              Conj/Erth      0%         3d7       65%         3
 Swiftness                Air            0%         N/A       65%         3
 Teleport Other           Tloc           0%         N/A       65%         3
 Tukima's Dance           Hex            0%         N/A       65%         3
 Vampiric Draining        Necr           0%         2d6       65%         3
 Airstrike                Air            0%         2d(0-16)  96%         4
 Iskenderun's Mystic Bla  Conj/Tloc      0%         2d3       96%         4
 Dispersal                Tloc           0%         N/A       100%        6


Dungeon Overview and Level Annotations

Branches:
Dungeon (10/15)            Temple (1/1) D:4             Orc (2/2) D:10
 Bailey (visited)
   Lair: D:8-11         Elf: Orc:2

Altars:
Ashenzari
Cheibriados
Dithmenos
Elyvilon
Fedhas
Gozag
Hepliaklqana
Kikubaaqudgha
Makhleb
Nemelex Xobeh
Okawaru
Qazlal
Ru
Sif Muna
Trog
Uskayaw
Vehumet
Wu Jian
Xom
Yredelemnul
Zin
The Shining One

Shops:
D:4 :   D:8 (   D:9 =

Annotations:
Orc:1 Rupert


Innate Abilities, Weirdness & Mutations

Your life essence is reduced to manifest your ancestor. (-10% HP)
You have a beak for a mouth.
You have claws for feet.
Your magical flight helps you evade attacks. (EV +4)
You can magically evade attacks while moving or waiting.


Message History

Rupert hits your cerulean imp with a +4 great sword of protection!!
Your cerulean imp dies!
Your cerulean imp disappears in a puff of smoke!
You reach to attack!
You closely miss Rupert.
Rupert is heavily wounded.
You hit Rupert. You freeze Rupert. You claw Rupert, but do no damage.
Your peck misses Rupert.
Rupert is heavily wounded.
Rupert barely misses you.
A warg comes into view.
Rupert hits you with a +4 great sword of protection!
You impale Rupert!! You freeze Rupert. You claw Rupert.
Rupert is severely wounded.
Rupert hits you with a +4 great sword of protection!!
* * * LOW HITPOINT WARNING * * *
Okay, then.
Okay, then.
Rupert rages.
Rupert completely misses you. Rupert attacks as he pursues you!
You block Rupert's attack. Rupert completely misses you.
Your magical contamination has completely faded away.
The warg misses you.
Rupert rages.
Rupert attacks as he pursues you! You block Rupert's attack.
Rupert hits you with a +4 great sword of protection!
* * * LOW HITPOINT WARNING * * *
There is a stone staircase leading up, spattered with blood here.
There are no items here.
Rupert closely misses you. The warg barely misses you.
You fly upwards.
There is a stone staircase leading down here.
You are confused.
You feel invigorated. Rupert closely misses you. The warg barely misses you.
Rupert hits you with a +4 great sword of protection!
* * * LOW HITPOINT WARNING * * *
The warg completely misses you. Rupert attacks as he pursues you!
Rupert hits you with a +4 great sword of protection!!
You die...
Rupert roars with triumph.

..####....# ##..)####.#.[.###
...##....## ##...####...##.####
...#....## #....#.....##.##.##
#.....#.# #.#.......###.....#
#.....### ###......#.......##
###...# #........#.......##
####### ###...........#.....#
.##.## ##...@.####.....#.....
...#.## #.#..@h## #....###....
.##...# ####....###.....#.....
..#..## #......#..#)........
.....### ###...#............#
.......# ### #.....####''####.#
.......###.#######...#........#..
..#.........#.###.#..#..####..#..
.###.....#...........#..#..#..#..
#####.#..............#..'..[..#..


You could see Rupert (berserk) and a warg.

Vanquished Creatures
  Fannar (Orc:1)
  2 two-headed ogres
  A manticore (D:10)
  2 orc sorcerers (Orc:1)
  2 trolls
  2 wyverns
  10 yaks
  Menkaure (D:7)
  5 orc warriors
  4 black bears
  2 ice beasts
  3 sky beasts
  3 centaurs
  An ogre (D:6)
  3 wolves (Bailey)
  A kobold brigand (D:7)
  2 phantoms (D:6)
  5 bullfrogs
  7 gnoll sergeants
  2 scorpions
  8 wights
  13 killer bees
  A howler monkey (D:10)
  8 orc priests
  4 hounds
  3 gnoll boudas (Bailey)
  17 orc wizards
  14 gnolls
  6 adders
  An ufetubus (D:5)
  3 worms
  36 orcs
  8 ball pythons
  6 endoplasms
  4 giant cockroaches (D:1)
  10 hobgoblins
  8 jackals
  5 quokkas
  11 bats
  4 frilled lizards
  8 goblins
  6 kobolds
  3 rats
246 creatures vanquished.

Vanquished Creatures (collateral kills)
  Psyche (D:10)
  3 yaks
  A water moccasin (D:8)
  An orc warrior (D:5)
  A sky beast (D:6)
  4 wolves (Bailey)
  A bullfrog (D:8)
  2 scorpions
  A gnoll sergeant (Bailey)
  4 wights (D:7)
  3 killer bees
  A howler monkey (D:5)
  2 hounds
  4 orc priests
  2 gnoll boudas (Bailey)
  4 orc wizards
  2 iguanas (D:5)
  4 gnolls (Bailey)
  An adder (D:6)
  A shadow imp (D:5)
  A white imp (D:7)
  20 orcs
  A goblin (D:10)
  A jackal (D:4)
  A ball python (D:7)
67 creatures vanquished.

Vanquished Creatures (others)
  An orc warrior (Orc:1)
  7 knights
  2 orcs (Orc:1)
10 creatures vanquished.

Grand Total: 323 creatures vanquished

Notes
Turn   | Place    | Note
-------+----------+-------------------------------------------
     0 | D:1      | Aneyh the Tengu Monk began the quest for the Orb.
     0 | D:1      | Reached XP level 1. HP: 14/14 MP: 2/2
     5 | D:1      | Upgraded the game from 0.31-a0-675-g238779eb0a to
                  | 0.31-a0-691-g409c26aa35
   151 | D:1      | Reached XP level 2. HP: 19/19 MP: 3/3
   404 | D:1      | Reached XP level 3. HP: 23/23 MP: 4/4
  1060 | D:2      | Reached skill level 5 in Polearms
  1121 | D:2      | Reached XP level 4. HP: 27/28 MP: 5/5
  1339 | D:2      | Reached skill level 1 in Ranged Weapons
  1792 | D:3      | Reached XP level 5. HP: 17/32 MP: 6/6
  2368 | D:4      | Found an iron altar of Okawaru.
  2661 | D:4      | Found a staircase to the Ecumenical Temple.
  2669 | Temple   | Entered the Ecumenical Temple
  2677 | Temple   | Became a worshipper of Hepliaklqana the Forgotten
  2677 | Temple   | Reached * piety under Hepliaklqana
  2677 | Temple   | Reached ** piety under Hepliaklqana
  2679 | Temple   | Remembered your ancestor Titus as a knight
  2717 | D:4      | Reached XP level 6. HP: 33/33 MP: 7/7
  2762 | D:4      | Found a stormy altar of Qazlal.
  2762 | D:4      | Noticed a sky beast
  2786 | D:4      | Killed a sky beast
  3064 | D:4      | Noticed a sky beast
  3087 | D:4      | Killed a sky beast
  3088 | D:4      | Reached skill level 4 in Fighting
  3088 | D:4      | Gained mutation: Your magical flight helps you evade
                  | attacks. (EV +4) [Tengu growth]
  3088 | D:4      | Reached XP level 7. HP: 38/38 MP: 8/8
  3166 | D:4      | Found Bify Wiuhi's Book Boutique.
  3171 | D:4      | Bought a book of Minor Magic for 198 gold pieces
  3174 | D:4      | Learned a level 2 spell: Call Imp
  3227 | D:4      | Reached skill level 1 in Summonings
  3301 | D:5      | Entered Level 5 of the Dungeon
  3317 | D:5      | Found a basalt altar of Yredelemnul.
  3810 | D:5      | Reached skill level 5 in Fighting
  3951 | D:5      | Reached skill level 6 in Fighting
  3998 | D:5      | Reached XP level 8. HP: 26/46 MP: 9/9
  4246 | D:5      | Reached skill level 7 in Fighting
  4576 | D:5      | Found an ornate altar of the Wu Jian Council.
  4943 | D:6      | Reached skill level 8 in Fighting
  5174 | D:6      | Reached *** piety under Hepliaklqana
  5377 | D:6      | Reached skill level 9 in Fighting
  5446 | D:6      | Reached XP level 9. HP: 54/54 MP: 10/10
  5794 | D:7      | Reached skill level 10 in Fighting
  5806 | D:7      | Reached skill level 11 in Fighting
  6434 | D:7      | Found a shimmering altar of Xom.
  7214 | D:7      | Noticed Menkaure
  7218 | D:7      | Killed Menkaure
  7219 | D:7      | Reached skill level 12 in Fighting
  7396 | D:8      | Reached XP level 10. HP: 63/63 MP: 11/11
  7845 | D:8      | Reached **** piety under Hepliaklqana
  7856 | D:8      | Reached skill level 13 in Fighting
  7974 | D:8      | Found a broken altar of Ashenzari.
  8107 | D:8      | Found Funywyg's Antique Weapon Shop.
  8262 | D:8      | Found a shimmering blue altar of Sif Muna.
  9114 | D:9      | You are sucked into a shaft and drop 1 floor!
  9114 | D:10     | Entered Level 10 of the Dungeon
  9114 | D:10     | Found an opulent altar of Gozag.
  9135 | D:10     | Reached skill level 14 in Fighting
  9151 | D:10     | Found a glowing silver altar of Zin.
  9194 | D:10     | Noticed a manticore
  9203 | D:10     | Killed a manticore
  9215 | D:10     | Reached XP level 11. HP: 22/72 MP: 12/12
  9217 | D:10     | Reached skill level 15 in Fighting
  9231 | D:10     | Found a blossoming altar of Fedhas.
  9231 | D:10     | Noticed Psyche
  9239 | D:10     | Killed Psyche
  9262 | D:10     | Noticed a two-headed ogre
  9267 | D:10     | Killed a two-headed ogre
  9330 | D:10     | Found a flagged portal.
  9340 | Bailey   | Entered a bailey
 10081 | Bailey   | Identified the +11 sling "Vaagy" {freeze, Dex+4}
 10158 | Bailey   | Reached skill level 16 in Fighting
 10642 | D:10     | Identified the +2 quarterstaff "Dudekicre" {heavy, Dex+3}
 10650 | D:10     | Found a sparkling altar of Nemelex Xobeh.
 10677 | D:10     | Reached ***** piety under Hepliaklqana
 10708 | D:9      | Found Jedakkodgh's Jewellery Shop.
 10711 | D:9      | Identified the +7 trident of Midsummer {freeze, Str+2
                  | Int+4}
 10737 | D:9      | Learned a level 3 spell: Summon Guardian Golem
 10801 | D:9      | Noticed a two-headed ogre
 10820 | D:9      | Reached skill level 1 in Armour
 11027 | D:8      | Killed a two-headed ogre
 11560 | D:10     | Found a staircase to the Orcish Mines.
 11610 | D:10     | Found a burning altar of Makhleb.
 11906 | Orc:1    | Entered Level 1 of the Orcish Mines
 11921 | Orc:1    | Noticed an orc sorcerer
 11927 | Orc:1    | Noticed Fannar
 11930 | Orc:1    | Killed an orc sorcerer
 11945 | Orc:1    | Killed Fannar
 12288 | Orc:1    | Reached skill level 17 in Fighting
 12303 | Orc:1    | Noticed an orc sorcerer
 12483 | Orc:1    | Killed an orc sorcerer
 12492 | Orc:1    | Learned a level 3 spell: Call Canine Familiar
 12807 | Orc:2    | Entered Level 2 of the Orcish Mines
 12814 | Orc:2    | Noticed Rupert
 12839 | Orc:1    | HP: 1/76 [Rupert/+4 great sword of protection (10)]
 12840 | Orc:1    | Annihilated by Rupert

Illustrated notes

Levels and vault maps discovered:
D:1:      shiori_arrival_elements, layout_basic, serial_glass, glass_columns_a,
          glass_columns_b, glass_columns_a, glass_columns_c, glass_columns_c,
          glass_columns_b, minmay_misc_feat_columns
D:2:      layout_rooms, chequers_serial_rivers_micro_e, minmay_puff
D:3:      layout_basic
D:4:      layout_rooms, nicolae_qazlal_beasts_of_the_sky,
          okawaru_ov_weapons_minmay, minmay_temple_entry_proselytizer,
          serial_shops, nicolae_shop_hallway_plus,
          hangedman_abyss_or_decor_stabs, minmay_checkerbox
D:5:      layout_loops_ring, general_overflow_altar,
          mainiacjoe_overflow_surrounded_room, grunt_ministairs_2
D:6:      layout_basic, grunt_ministairs_4
D:7:      layout_loops_cross, tgw_xom, uniq_menkaure
D:8:      layout_basic, mainiacjoe_overflow_24_doors,
          lemuel_coloured_pillars_altar, serial_shops, shop,
          hangedman_decor_growths, minmay_manual_monstrance
D:9:      layout_rooms, serial_shops, nicolae_shop_gaudy_bauble
D:10:     layout_loops_ring, grunt_gozag_statues,
          mainiacjoe_overflow_small_starburst, mainiacjoe_overflow_brackets,
          nemelex_xobeh_ov_fountains_minmay, mainiacjoe_overflow_paths,
          enter_bailey_3, kennysheep_windowed_goal, uniq_psyche
Temple:   eino_temple_lava
Orc:1:    layout_diamond_mine, guppyfry_library_mini, uniq_fannar
Orc:2:    st_orc_town, layout_caves, serial_shops, shop, nooodl_orcs_dogs,
          uniq_rupert

Skill      XL: |  1  2  3  4  5  6  7  8  9 10 11 |
---------------+----------------------------------+-----
Polearms       | 4 5 6 7 |  7.0
Ranged Weapons | 1 2 3 |  3.0
Fighting       | 4 6 9 12 14 17 | 17.1
Summonings     | 3 |  3.0
Armour         | 3 |  3.2
Dodging        | |  3.2

Action                     |  1- 3 |  4- 6 |  7- 9 | 10-12 || total
---------------------------+-------+-------+-------+-------++-------
  Melee: Spear             |    96 |   134 |   103 |       ||   333
         Kick              |    14 |    28 |    28 |    50 ||   120
         Peck              |     8 |    10 |    18 |    28 ||    64
         Punch             |       |       |     1 |       ||     1
         Glaive            |       |       |    70 |   143 ||   213
         Trident           |       |       |       |    69 ||    69
   Fire: Arbalest          |     6 |    40 |    59 |   103 ||   208
   Cast: Call Imp          |       |       |     9 |    10 ||    19
         Summon Guardian G |       |       |       |     4 ||     4
 Invoke: Ancestor Life: Kn |       |     1 |       |       ||     1
         Recall Ancestor   |       |       |       |     4 ||     4
    Use: Potion            |       |       |     1 |     3 ||     4
         Scroll            |       |       |       |     6 ||     6
   Stab: Sleeping          |     3 |     1 |     3 |     1 ||     8
         Distracted        |       |       |     1 |     4 ||     5
 Armour: Robe              |    37 |    19 |       |   140 ||   196
         Leather armour    |       |    28 |    65 |       ||    93
  Dodge: Dodged            |    97 |    52 |   136 |   236 ||   521
  Block: Other             |       |       |       |    62 ||    62
         Reflection        |       |       |       |     6 ||     6

Table legend: (Time is in decaauts)
 A = Elapsed time spent in this place.
 B = Non-inter-level travel time spent in this place.
 C = Inter-level travel time spent in this place.
 D = Time resting spent in this place.
 E = Time spent auto-exploring this place.
 F = Levels seen in this place.
 G = Mean time per level.
                   A        B        C        D        E       F      G
               +--------+--------+--------+--------+--------+-----+--------+
         Total |  12972 |  12717 |    255 |   3477 |   6615 |  14 |  926.6 |
       Dungeon |  11071 |  10844 |    227 |   2781 |   6160 |  10 | 1107.1 |
        Temple |     17 |     17 |      0 |      0 |      0 |   1 |   17.0 |
  Orcish Mines |    664 |    636 |     28 |      2 |    393 |   2 |  332.0 |
        Bailey |   1218 |   1218 |      0 |    694 |     62 |   1 | 1218.0 |
               +--------+--------+--------+--------+--------+-----+--------+

Top non-repeatable levels by time:
     D:7: 2002 daAuts
     D:8: 1669 daAuts
     D:5: 1551 daAuts
    D:10: 1274 daAuts
  Bailey: 1218 daAuts
     D:1: 984 daAuts
     D:3: 874 daAuts
     D:6: 871 daAuts
     D:4: 817 daAuts
   Orc:1: 634 daAuts
     D:2: 593 daAuts
     D:9: 432 daAuts
   Orc:2: 30 daAuts
  Temple: 17 daAuts
